 Dungeon Crawl Stone Soup version 0.31-a0-1172-g9944ec47dd (webtiles) character file.

Game seed: 11567488114828487398

82 bmb222 the Sneak (level 4, 0/28 HPs)
             Began as a Gargoyle Delver on Dec 11, 2023.
             Slain by a black bear (4 damage)
             ... on level 3 of the Dungeon.
             The game lasted 00:02:12 (1860 turns).

bmb222 the Sneak (Gargoyle Delver)                  Turns: 1860, Time: 00:02:12

Health: 0/28       AC:  9    Str: 18    XL:     4   Next: 43%
Magic:  4/4        EV: 11    Int: 13    God:
Gold:   161        SH:  0    Dex: 13    Spells: 3/3 levels left

rFire   . . .        h - +9 rapier of the Pillar {flame, Will+ Str+2 Int+3}
rCold   . . .        (no shield)
rNeg    + . .        i - +3 leather armour
rPois   ∞            (no helmet)
rElec   +            (no cloak)
rCorr   .            (no gloves)
SInv    .            (no boots)
Will    +....        (no amulet)
Stlth   +++          (no ring)
HPRegen 0.24/turn    (no ring)
MPRegen 0.09/turn

%: no passive effects
@: hasted, very quick
A: sickness immunity, AC +3, negative energy resistance 1, electricity
resistance, torment resistance 1, petrification resistance
a: no special abilities


You were on level 3 of the Dungeon.
You visited 1 branch of the dungeon, and saw 5 of its levels.

You collected 161 gold pieces.

Inventory:

Hand Weapons
 a - a +0 mace
 h - the +9 rapier of the Pillar (weapon) {flame, Will+ Str+2 Int+3}
   (You found it on level 5 of the Dungeon)

   Str+2:     It affects your strength (+2).
   Int+3:     It affects your intelligence (+3).
   Will+:     It increases your willpower.
Missiles
 p - 2 poisoned darts
Armour
 b - a +0 leather armour
 i - a +3 leather armour (worn)
Wands
 g - a wand of digging (3)
Scrolls
 c - a scroll of fog
 d - a scroll of revelation
 e - a scroll of fear
 n - 5 scrolls of identify {unknown}
 q - a scroll of enchant armour {unknown}
 r - a scroll of blinking {unknown}
 s - a scroll of immolation {unknown}
Potions
 j - 3 potions of brilliance {unknown}
 k - 4 potions of curing {unknown}
 l - a potion of enlightenment {unknown}
 m - a potion of resistance {unknown}
 o - a potion of mutation {unknown}


   Skills:
 + Level 3.6 Fighting
 * Level 2.0 Short Blades
 - Level 2.0 Maces & Flails
 + Level 0.6 Armour
 + Level 1.7 Dodging
 + Level 6.3 Stealth


You had 3 spell levels left.
You didn't know any spells.
Your spell library contained the following spells:

 Spells                   Type           Power      Damage    Failure   Level
 Kiss of Death            Conj/Necr      0%         2d5       36%         1
 Confusing Touch          Hex            0%         N/A       73%         3
 Dispel Undead            Necr           0%         3d6       98%         4


Dungeon Overview and Level Annotations

Branches:
Dungeon (5/15)
 Temple: D:4-7

Altars:


Innate Abilities, Weirdness & Mutations

You are immune to sickness and miasma.
Your stone body is resilient. (AC +3)
You are immune to poison.
You resist negative energy. (rN+)
You are resistant to electric shocks. (rElec)
You are resistant to unholy torment.
You are immune to petrification.


Message History

You are too injured to fight recklessly!
Unknown command.
You closely miss the black bear.
The black bear is severely wounded.
The black bear closely misses you.
The black bear claws you but does no damage.
The black bear closely misses you.
You barely miss the black bear.
The black bear is severely wounded.
The black bear closely misses you. x4
The black bear claws you but does no damage. x2
You barely miss the black bear.
The black bear is severely wounded.
The black bear completely misses you. The black bear barely misses you. x3
The black bear misses you.
The black bear claws you but does no damage.
You barely miss the black bear.
The black bear is severely wounded.
The black bear barely misses you.
The black bear claws you but does no damage.
The black bear misses you.
You barely miss the black bear.
The black bear is severely wounded.
The black bear bites you but does no damage.
The black bear barely misses you.
The black bear claws you but does no damage.
The black bear closely misses you. The black bear claws you.
* * * LOW HITPOINT WARNING * * *
The black bear claws you.
* * * LOW HITPOINT WARNING * * *
You barely miss the black bear.
The black bear is severely wounded.
The black bear bites you.
* * * LOW HITPOINT WARNING * * *
The black bear barely misses you. x2
Unknown command.
You feel yourself speed up. The black bear barely misses you.
The black bear claws you but does no damage.
The black bear claws you.
You die...

.##.#.#
###..........#
.##.#.# ..
.###.........#
.##.#.# .?.
..####.......#
.##.#.# #.## #..#
####....# ..#...#
#... #..## ####.#
...>..# #....#...#
###†..# ......#
#...J#...# ##.....#
......#
#[.Jrh...###......#
......#
######@...##..###.#
#######
#.†..#...###.#
###....#...##..#
................#
#####.###########
#.# ..# ####


You could see a black bear (berserk), 2 endoplasms and a quokka.

Vanquished Creatures
  2 adders
  A worm (D:3)
  2 dart slugs (D:3)
  2 ball pythons
  8 bats
  3 endoplasms
  3 giant cockroaches
  8 goblins
  6 hobgoblins
  5 jackals (D:1)
  3 quokkas
  5 frilled lizards
  A kobold (D:1)
  3 rats
52 creatures vanquished.

Notes
Turn   | Place    | Note
-------+----------+-------------------------------------------
     0 | D:5      | bmb222 the Gargoyle Delver began the quest for the Orb.
     0 | D:5      | Reached XP level 1. HP: 14/14 MP: 1/1
    12 | D:5      | Identified the +9 rapier of the Pillar {flame, Will+ Str+2
                  | Int+3}
    27 | D:5      | Noticed a phantom
    27 | D:5      | Noticed a sleepcap
   246 | D:3      | Reached XP level 2. HP: 19/19 MP: 2/2
   579 | D:1      | Reached skill level 6 in Stealth
   587 | D:1      | Reached XP level 3. HP: 23/23 MP: 3/3
   690 | D:1      | Reached skill level 1 in Short Blades
  1359 | D:2      | Reached XP level 4. HP: 27/28 MP: 4/4
  1846 | D:3      | Noticed a black bear
  1860 | D:3      | Slain by a black bear

Illustrated notes

Levels and vault maps discovered:
D:1:      dpeg_arrival_subterranean_lakeside_camping, layout_basic,
          minmay_tromino_mix6
D:2:      layout_rooms, kennysheep_generic_room_6
D:3:      minmay_recursive_quarters, layout_basic, mainiacjoe_overflow_paths
D:4:      layout_cave_pools
D:5:      layout_basic, nicolae_qazlal_general_emergency,
          nicolae_ossuary_entry_plus

Skill      XL: |  1  2  3  4 |
---------------+-------------+-----
Stealth        | 6 |  6.3
Short Blades   | 1 2 |  2.0
Fighting       | |  3.6
Maces & Flails | |  2.0
Armour         | |  0.6
Dodging        | |  1.7

Action                     |  1- 3 |  4- 6 || total
---------------------------+-------+-------++-------
  Melee: Rapier            |    77 |    32 ||   109
    Use: Potion            |       |     1 ||     1
   Stab: Sleeping          |     8 |     2 ||    10
         Distracted        |     1 |       ||     1
 Armour: Leather armour    |    42 |    36 ||    78
  Dodge: Dodged            |    49 |    33 ||    82

Table legend: (Time is in decaauts)
 A = Elapsed time spent in this place.
 B = Non-inter-level travel time spent in this place.
 C = Inter-level travel time spent in this place.
 D = Time resting spent in this place.
 E = Time spent auto-exploring this place.
 F = Levels seen in this place.
 G = Mean time per level.
                   A        B        C        D        E       F      G
               +--------+--------+--------+--------+--------+-----+--------+
         Total |   1878 |   1827 |     51 |      0 |   1433 |   5 |  375.6 |
       Dungeon |   1878 |   1827 |     51 |      0 |   1433 |   5 |  375.6 |
               +--------+--------+--------+--------+--------+-----+--------+

Top non-repeatable levels by time:
     D:1: 850 daAuts
     D:2: 482 daAuts
     D:3: 477 daAuts
     D:5: 53 daAuts
     D:4: 14 daAuts
